| TOP OF THE 1ST |
|
Baltimore (APP) Orioles batting - Pitching for Oakland (APP) Athletics : RHP Kyle Rasor
|
|
Pitching: RHP Kyle Rasor
|
|
|
Batting: RHB Mike Zepeda
|
0-0: Ball 1-0: Ground out 6-3 (Groundball, 6, EV 78.8 MPH)
|
|
Batting: LHB Rodolfo Montes
|
0-0: Called Strike 0-1: SOLO HOME RUN (Flyball, 9D, EV 96.9 MPH), Distance : 342 ft
|
|
Batting: RHB Jeremy Sipe
|
0-0: Swinging Strike 0-1: Ball 1-1: Foul Ball, location: 2F 1-2: Ball 2-2: Ball 3-2: Strikes out looking
|
|
Batting: LHB Antonio Cantu
|
0-0: Called Strike 0-1: Ground out 1-3 (Groundball, 34S, EV 71.2 MPH)
|
| Top of the 1st over - 1 run, 1 hit, 0 errors, 0 left on base; Baltimore (APP) 1 - Oakland (APP) 0 |
| BOTTOM OF THE 1ST |
|
Oakland (APP) Athletics batting - Pitching for Baltimore (APP) Orioles : RHP Matt Talaski
|
|
Pitching: RHP Matt Talaski
|
|
|
Batting: RHB Colin Coleman
|
0-0: Ball 1-0: Ball 2-0: Fly out, F8 (Flyball, 8RD, EV 84.4 MPH)
|
|
Batting: RHB Steve Blackshear
|
0-0: Ball 1-0: Ball 2-0: Foul Ball, location: 2F 2-1: Foul Ball, location: 2F 2-2: Fly out, F7 (Flyball, 7LS, EV 92.5 MPH)
|
|
Batting: RHB Matt Black
|
0-0: Ball 1-0: Ball 2-0: Ball 3-0: Called Strike 3-1: Called Strike 3-2: Foul Ball, location: 2F 3-2: Base on Balls
|
|
Batting: RHB Josh Whaley
|
0-0: Called Strike 0-1: Ball 1-1: Called Strike 1-2: Strikes out swinging
|
| Bottom of the 1st over - 0 runs, 0 hits, 0 errors, 1 left on base; Baltimore (APP) 1 - Oakland (APP) 0 |
| TOP OF THE 2ND |
|
Baltimore (APP) Orioles batting - Pitching for Oakland (APP) Athletics : RHP Kyle Rasor
|
|
Batting: RHB Fernando Bravo
|
0-0: SINGLE (Groundball, 56D, EV 96.2 MPH)
|
|
Batting: LHB Tomas de Zeeuw
|
0-0: Ball 1-0: Called Strike 1-1: TRIPLE (Flyball, 89XD, EV 98.1 MPH) Fernando Bravo scores
|
|
Batting: RHB Lee Deason
|
0-0: Ground out 4-3 (Groundball, 4, EV 96.9 MPH) Tomas de Zeeuw scores
|
|
Batting: RHB Ryan Vest
|
0-0: Foul Ball, location: 2F 0-1: Called Strike 0-2: Foul Ball, location: 2F 0-2: Ball 1-2: Ball 2-2: Strikes out swinging
|
|
Batting: RHB Bobby White
|
0-0: Ball 1-0: Foul Ball, location: 2F 1-1: Foul Ball, location: 2F 1-2: Ball 2-2: Ball 3-2: Ground out 4-3 (Groundball, 4, EV 85.6 MPH)
|
| Top of the 2nd over - 2 runs, 2 hits, 0 errors, 0 left on base; Baltimore (APP) 3 - Oakland (APP) 0 |
| BOTTOM OF THE 2ND |
|
Oakland (APP) Athletics batting - Pitching for Baltimore (APP) Orioles : RHP Matt Talaski
|
|
Batting: LHB Augustin Cormier
|
0-0: Ball 1-0: Foul Ball, location: 2F 1-1: Ball 2-1: Ball 3-1: DOUBLE (Groundball, 3L, EV 103.1 MPH)
|
|
Batting: RHB Walt Alaniz
|
0-0: Ball 1-0: Foul Ball, location: 2F 1-1: Ball 2-1: Ball 3-1: Swinging Strike 3-2: Strikes out looking
|
|
Batting: RHB Chris Temple
|
0-0: Called Strike 0-1: Foul Ball, location: 2F 0-2: Ball 1-2: DOUBLE (Groundball, 5L, EV 101.2 MPH) Augustin Cormier scores
|
|
Batting: RHB Branden Mackie
|
0-0: Foul Ball, location: 2F 0-1: Ball 1-1: Called Strike 1-2: Foul Ball, location: 2F 1-2: Ball 2-2: Foul Ball, location: 2F 2-2: Ball 3-2: Ground out 6-3 (Groundball, 6, EV 85.0 MPH)
|
|
Batting: LHB Mark Friedmann
|
0-0: Called Strike 0-1: Ball 1-1: Ball 2-1: DOUBLE (Line Drive, 9LD, EV 111.2 MPH) Chris Temple scores
|
|
Batting: RHB Colin Coleman
|
0-0: Called Strike 0-1: Fly out, F8 (Line Drive, 8RM, EV 89.4 MPH)
|
| Bottom of the 2nd over - 2 runs, 3 hits, 0 errors, 1 left on base; Baltimore (APP) 3 - Oakland (APP) 2 |
| TOP OF THE 3RD |
|
Baltimore (APP) Orioles batting - Pitching for Oakland (APP) Athletics : RHP Kyle Rasor
|
|
Pitching: LHP David Arnold
|
|
|
Batting: RHB Mike Zepeda
|
0-0: Ball 1-0: Ball 2-0: Called Strike 2-1: Foul Ball, location: 2F 2-2: Foul Ball, location: 2F 2-2: Ball 3-2: Ground out 6-3 (Groundball, 56, EV 108.1 MPH)
|
|
Batting: LHB Rodolfo Montes
|
0-0: Ball 1-0: Foul Ball, location: 2F 1-1: DOUBLE (Flyball, 7LM, EV 97.5 MPH)
|
|
Batting: RHB Jeremy Sipe
|
0-0: Ball 1-0: Called Strike 1-1: SINGLE (Groundball, 6D, EV 98.1 MPH) Rodolfo Montes to third
|
|
Batting: LHB Antonio Cantu
|
0-0: Ball 1-0: Ball 2-0: Ball 3-0: Base on Balls Jeremy Sipe to second
|
|
Batting: RHB Fernando Bravo
|
0-0: Foul Ball, location: 2F 0-1: Fielders Choice at 2nd, 6-4 (Groundball, 6, EV 103.8 MPH) Rodolfo Montes scores Jeremy Sipe to third
|
|
Batting: LHB Tomas de Zeeuw
|
0-0: Called Strike 0-1: Ball 1-1: SINGLE (Groundball, 34S, EV 96.9 MPH) Jeremy Sipe scores Fernando Bravo to second Runner from 2nd tries for 3rd, SAFE, throw by RF made to third
|
|
Batting: RHB Lee Deason
|
0-0: Called Strike 0-1: Ball 1-1: Foul Ball, location: 2F 1-2: Strikes out swinging
|
| Top of the 3rd over - 2 runs, 3 hits, 0 errors, 2 left on base; Baltimore (APP) 5 - Oakland (APP) 2 |
| BOTTOM OF THE 3RD |
|
Oakland (APP) Athletics batting - Pitching for Baltimore (APP) Orioles : RHP Matt Talaski
|
|
Batting: RHB Steve Blackshear
|
0-0: Fly out, F8 (Line Drive, 8LM, EV 92.5 MPH)
|
|
Batting: RHB Matt Black
|
0-0: Ball 1-0: SINGLE (Flyball, 4MD, EV 83.1 MPH)
|
|
Batting: RHB Josh Whaley
|
0-0: Ball 1-0: Ball 2-0: Called Strike 2-1: Fly out, F8 (Flyball, 8RM, EV 98.8 MPH)
|
|
Batting: LHB Augustin Cormier
|
0-0: Called Strike 0-1: Swinging Strike 0-2: Foul Ball, location: 2F 0-2: Ball 1-2: SINGLE (Groundball, 5S, EV 73.1 MPH) (infield hit) Matt Black to second
|
|
Batting: RHB Walt Alaniz
|
0-0: Called Strike 0-1: Ball 1-1: Fly out, F7 (Line Drive, 7, EV 93.8 MPH)
|
| Bottom of the 3rd over - 0 runs, 2 hits, 0 errors, 2 left on base; Baltimore (APP) 5 - Oakland (APP) 2 |
| TOP OF THE 4TH |
|
Baltimore (APP) Orioles batting - Pitching for Oakland (APP) Athletics : LHP David Arnold
|
|
Batting: RHB Ryan Vest
|
0-0: Foul Ball, location: 2F 0-1: Ball 1-1: Ball 2-1: Foul Ball, location: 2F 2-2: Foul Ball, location: 2F 2-2: SINGLE (Groundball, 56D, EV 98.8 MPH)
|
|
Batting: RHB Bobby White
|
0-0: Ball 1-0: Ball 2-0: Called Strike 2-1: Foul Ball, location: 2F 2-2: Ball 3-2: Base on Balls Ryan Vest to second
|
|
Batting: RHB Mike Zepeda
|
0-0: SINGLE (Groundball, 13S, EV 61.9 MPH) (infield hit) Ryan Vest to third Bobby White to second
|
|
Batting: LHB Rodolfo Montes
|
0-0: Ball Passed Ball! Ryan Vest scores Bobby White to third Mike Zepeda to second 1-0: DOUBLE (Flyball, 89D, EV 95.0 MPH) Bobby White scores Mike Zepeda scores
|
|
Pitching: RHP Jalen Cobbins
|
|
|
Batting: RHB Jeremy Sipe
|
0-0: Called Strike 0-1: Foul Ball, location: 2F 0-2: Ball 1-2: Strikes out swinging
|
|
Batting: LHB Antonio Cantu
|
0-0: Swinging Strike 0-1: Swinging Strike 0-2: Ball 1-2: Foul Ball, location: 2F 1-2: Ball 2-2: SINGLE (Line Drive, 8LS, EV 106.9 MPH) Rodolfo Montes to third Runner from 3rd tries for Home, SAFE, throw by CF to home
|
|
Batting: RHB Fernando Bravo
|
0-0: Called Strike 0-1: Swinging Strike 0-2: Ball 1-2: Foul Ball, location: 2F 1-2: Strikes out swinging
|
|
Batting: LHB Tomas de Zeeuw
|
0-0: Fly out, F9 (Flyball, 9D, EV 96.9 MPH)
|
| Top of the 4th over - 4 runs, 4 hits, 0 errors, 1 left on base; Baltimore (APP) 9 - Oakland (APP) 2 |
| BOTTOM OF THE 4TH |
|
Oakland (APP) Athletics batting - Pitching for Baltimore (APP) Orioles : RHP Matt Talaski
|
|
Batting: RHB Chris Temple
|
0-0: Ball 1-0: Ground out 6-3 (Groundball, P, EV 87.5 MPH)
|
|
Batting: RHB Branden Mackie
|
0-0: Ground out U3 (Groundball, 3, EV 102.5 MPH)
|
|
Batting: LHB Mark Friedmann
|
0-0: Ball 1-0: Foul Ball, location: 2F 1-1: Ball 2-1: Foul Ball, location: 2F 2-2: Ball 3-2: Base on Balls
|
|
Batting: RHB Colin Coleman
|
0-0: Ball 1-0: Fly out, F9 (Line Drive, 9D, EV 106.2 MPH)
|
| Bottom of the 4th over - 0 runs, 0 hits, 0 errors, 1 left on base; Baltimore (APP) 9 - Oakland (APP) 2 |
| TOP OF THE 5TH |
|
Baltimore (APP) Orioles batting - Pitching for Oakland (APP) Athletics : RHP Jalen Cobbins
|
|
Batting: RHB Lee Deason
|
0-0: Fly out, F8 (Line Drive, 8RM, EV 105.0 MPH)
|
|
Batting: RHB Ryan Vest
|
0-0: Ball 1-0: Called Strike 1-1: Called Strike 1-2: Ball 2-2: Ball 3-2: Strikes out looking
|
|
Batting: RHB Bobby White
|
0-0: Called Strike 0-1: Ball 1-1: Foul Ball, location: 2F 1-2: Foul Ball, location: 2F 1-2: Foul Ball, location: 2F 1-2: Strikes out swinging
|
| Top of the 5th over - 0 runs, 0 hits, 0 errors, 0 left on base; Baltimore (APP) 9 - Oakland (APP) 2 |
| BOTTOM OF THE 5TH |
|
Oakland (APP) Athletics batting - Pitching for Baltimore (APP) Orioles : RHP Matt Talaski
|
|
Batting: RHB Steve Blackshear
|
0-0: Ball 1-0: Swinging Strike 1-1: Ball 2-1: Foul Ball, location: 2F 2-2: Strikes out swinging, 2-3 out at first.
|
|
Pitching: RHP Steve Webb
|
|
|
Batting: RHB Matt Black
|
0-0: Called Strike 0-1: Foul Ball, location: 2F 0-2: Ball 1-2: Foul Ball, location: 2F 1-2: Foul Ball, location: 2F 1-2: SOLO HOME RUN (Flyball, 9D, EV 95.0 MPH), Distance : 357 ft
|
|
Batting: RHB Josh Whaley
|
0-0: Ball 1-0: Ball 2-0: Ball 3-0: Called Strike 3-1: Foul Ball, location: 2F 3-2: Foul Ball, location: 2F 3-2: Base on Balls
|
|
Batting: LHB Augustin Cormier
|
0-0: Called Strike 0-1: Foul Ball, location: 2F 0-2: Ball 1-2: Ball 2-2: Strikes out looking
|
|
Batting: RHB Walt Alaniz
|
0-0: Ball 1-0: Called Strike 1-1: Ball 2-1: Ground out 4-3 (Groundball, 4, EV 80.0 MPH)
|
| Bottom of the 5th over - 1 run, 1 hit, 0 errors, 1 left on base; Baltimore (APP) 9 - Oakland (APP) 3 |
| TOP OF THE 6TH |
|
Baltimore (APP) Orioles batting - Pitching for Oakland (APP) Athletics : RHP Jalen Cobbins
|
|
Batting: RHB Mike Zepeda
|
0-0: Ground out 1-3 (Groundball, 13S, EV 66.9 MPH)
|
|
Batting: LHB Rodolfo Montes
|
0-0: Foul Ball, location: 2F 0-1: Ground out 4-3 (Groundball, 4, EV 75.6 MPH)
|
|
Batting: RHB Jeremy Sipe
|
0-0: Foul Ball, location: 2F 0-1: Ball 1-1: Swinging Strike 1-2: Foul Ball, location: 2F 1-2: Strikes out swinging
|
| Top of the 6th over - 0 runs, 0 hits, 0 errors, 0 left on base; Baltimore (APP) 9 - Oakland (APP) 3 |
| BOTTOM OF THE 6TH |
|
Oakland (APP) Athletics batting - Pitching for Baltimore (APP) Orioles : RHP Steve Webb
|
|
Batting: RHB Chris Temple
|
0-0: Ball 1-0: Ball 2-0: Swinging Strike 2-1: Foul Ball, location: 2F 2-2: Fly out, F7 (Flyball, 7, EV 90.0 MPH)
|
|
Batting: RHB Branden Mackie
|
0-0: Called Strike 0-1: Ball 1-1: Ball 2-1: Foul Ball, location: 2F 2-2: Ball 3-2: Fly out, F8 (Line Drive, 8RM, EV 93.1 MPH)
|
|
Batting: LHB Mark Friedmann
|
0-0: Called Strike 0-1: Ball 1-1: Ball 2-1: Foul Ball, location: 2F 2-2: Ball 3-2: Base on Balls
|
|
Batting: RHB Colin Coleman
|
0-0: Called Strike Mark Friedmann steals 2nd base (no throw) 0-1: DOUBLE (Line Drive, 9LM, EV 108.1 MPH) Mark Friedmann scores
|
|
Pitching: RHP Jon Grason
|
|
|
Batting: RHB Steve Blackshear
|
0-0: Ball 1-0: Fly out, F1 (Line Drive, P, EV 63.1 MPH)
|
| Bottom of the 6th over - 1 run, 1 hit, 0 errors, 1 left on base; Baltimore (APP) 9 - Oakland (APP) 4 |
| TOP OF THE 7TH |
|
Baltimore (APP) Orioles batting - Pitching for Oakland (APP) Athletics : RHP Jalen Cobbins
|
|
Batting: LHB Antonio Cantu
|
0-0: Ball 1-0: Fly out, F8 (Flyball, 8RXD, EV 106.2 MPH)
|
|
Batting: RHB Fernando Bravo
|
0-0: Ball 1-0: Called Strike 1-1: Ground out 4-3 (Groundball, 4, EV 88.8 MPH)
|
|
Batting: LHB Tomas de Zeeuw
|
0-0: Ground out 4-3 (Groundball, 4, EV 100.6 MPH)
|
| Top of the 7th over - 0 runs, 0 hits, 0 errors, 0 left on base; Baltimore (APP) 9 - Oakland (APP) 4 |
| BOTTOM OF THE 7TH |
|
Oakland (APP) Athletics batting - Pitching for Baltimore (APP) Orioles : RHP Jon Grason
|
|
Batting: RHB Matt Black
|
0-0: Swinging Strike 0-1: Ball 1-1: Ball 2-1: Ball 3-1: Called Strike 3-2: Base on Balls
|
|
Batting: RHB Josh Whaley
|
0-0: Ball 1-0: Called Strike 1-1: Swinging Strike 1-2: Strikes out swinging
|
|
Batting: LHB Augustin Cormier
|
0-0: Called Strike 0-1: Called Strike 0-2: Foul Ball, location: 2F 0-2: Foul Ball, location: 2F 0-2: Ball 1-2: Foul Ball, location: 2F 1-2: Foul Ball, location: 2F 1-2: Fielders Choice at 2nd, 1-6 (Groundball, 15S, EV 71.9 MPH)
|
|
Batting: RHB Walt Alaniz
|
0-0: Ball 1-0: Swinging Strike Augustin Cormier steals 2nd base 1-1: Fly out, F8 (Flyball, 78D, EV 105.6 MPH)
|
| Bottom of the 7th over - 0 runs, 0 hits, 0 errors, 1 left on base; Baltimore (APP) 9 - Oakland (APP) 4 |
| TOP OF THE 8TH |
|
Baltimore (APP) Orioles batting - Pitching for Oakland (APP) Athletics : RHP Jalen Cobbins
|
|
Pitching: RHP Ricky Lopez
|
|
|
Batting: RHB Lee Deason
|
0-0: Called Strike 0-1: Ball 1-1: DOUBLE (Line Drive, 9LD, EV 103.8 MPH)
|
|
Batting: RHB Ryan Vest
|
0-0: Foul Ball, location: 2F 0-1: Ball 1-1: Ball 2-1: Foul Ball, location: 2F 2-2: Ball 3-2: Fly out, F3 (Popup, 3F, EV 81.9 MPH)
|
|
Batting: RHB Bobby White
|
0-0: Swinging Strike 0-1: Reached on error, E6 (Groundball, 56, EV 110.6 MPH) Lee Deason scores
|
|
Batting: RHB Mike Zepeda
|
0-0: Ball 1-0: Called Strike 1-1: Foul Ball, location: 2F 1-2: Foul Ball, location: 2F 1-2: Ground out U3 (Groundball, 34, EV 89.4 MPH) Bobby White to third
|
|
Batting: LHB Rodolfo Montes
|
0-0: Ball 1-0: SINGLE (Groundball, 3S, EV 68.8 MPH) (infield hit) Bobby White scores
|
|
Pinch Hitting: RHB Scott Boyd
|
0-0: Ball 1-0: Foul Ball, location: 2F 1-1: Fly out, F8 (Line Drive, 8LD, EV 91.9 MPH)
|
| Top of the 8th over - 2 runs, 2 hits, 1 error, 1 left on base; Baltimore (APP) 11 - Oakland (APP) 4 |
| BOTTOM OF THE 8TH |
|
Oakland (APP) Athletics batting - Pitching for Baltimore (APP) Orioles : RHP Jon Grason
|
|
Now at 1B: Scott Boyd
|
|
|
Batting: RHB Chris Temple
|
0-0: Ball 1-0: Swinging Strike 1-1: Ball 2-1: SINGLE (Line Drive, 8LS, EV 105.0 MPH)
|
|
Batting: RHB Branden Mackie
|
0-0: Called Strike 0-1: Grounds into double play, 6-4-3 (Groundball, 6, EV 100.0 MPH)
|
|
Batting: LHB Mark Friedmann
|
0-0: Called Strike 0-1: Ball 1-1: Ground out 4-3 (Groundball, 4MD, EV 81.2 MPH)
|
| Bottom of the 8th over - 0 runs, 1 hit, 0 errors, 0 left on base; Baltimore (APP) 11 - Oakland (APP) 4 |
| TOP OF THE 9TH |
|
Baltimore (APP) Orioles batting - Pitching for Oakland (APP) Athletics : RHP Ricky Lopez
|
|
Pinch Hitting: RHB Matt Foster
|
0-0: Swinging Strike 0-1: Called Strike 0-2: Ball 1-2: Strikes out swinging
|
|
Batting: RHB Fernando Bravo
|
0-0: Called Strike 0-1: Swinging Strike 0-2: Strikes out swinging
|
|
Batting: LHB Tomas de Zeeuw
|
0-0: Called Strike 0-1: Swinging Strike 0-2: Ball 1-2: SINGLE (Groundball, 34D, EV 100.0 MPH)
|
|
Batting: RHB Lee Deason
|
0-0: Ball Wild Pitch! Tomas de Zeeuw to second 1-0: Ball 2-0: Ground out 4-3 (Groundball, 34, EV 96.2 MPH)
|
| Top of the 9th over - 0 runs, 1 hit, 0 errors, 1 left on base; Baltimore (APP) 11 - Oakland (APP) 4 |
| BOTTOM OF THE 9TH |
|
Oakland (APP) Athletics batting - Pitching for Baltimore (APP) Orioles : RHP Jon Grason
|
|
Now in LF: Matt Foster
|
|
|
Batting: RHB Colin Coleman
|
0-0: Ball 1-0: Called Strike 1-1: Swinging Strike 1-2: Strikes out looking
|
|
Pitching: RHP Chris Kimura
|
|
|
Batting: RHB Steve Blackshear
|
0-0: Foul Ball, location: 2F 0-1: Called Strike 0-2: Ball 1-2: Fly out, F7 (Flyball, 7S, EV 85.0 MPH)
|
|
Pinch Hitting: RHB Jason Dove
|
0-0: Foul Ball, location: 2F 0-1: Foul Ball, location: 2F 0-2: Ball 1-2: DOUBLE (Groundball, 5L, EV 110.6 MPH)
|
|
Pinch Hitting: LHB Al Soltero
|
0-0: Ball 1-0: Called Strike 1-1: Ball 2-1: Called Strike 2-2: Foul Ball, location: 2F 2-2: Foul Ball, location: 2F 2-2: Ball 3-2: Foul Ball, location: 2F 3-2: Ground out 4-3 (Groundball, 34D, EV 98.1 MPH)
|
| Bottom of the 9th over - 0 runs, 1 hit, 0 errors, 1 left on base; Baltimore (APP) 11 - Oakland (APP) 4 |
|